Map: Astillero orbital

Players

xXkazperXx - Winner!

  • Race: Zerg Zerg

RANURA DE IA (Muy fácil)

  • Race: Protoss Protoss

VOD

Have the link to the VOD?

Description

Time

  • Played on: March 8, 2016, 12:26 a.m.
  • Length: 17:53
Show
View Real Time Build Order
Export as new Build Order

xXkazperXx Zerg - Winner!

Build Orders: Pool First, Lurkers 

Get SALT Encoding   

  12  0:03  Drone  
  13  0:12  Drone  
  14  0:17  Overlord  
  14  0:37  Spawning Pool, Drone  
  14  0:50  Drone x3  
  14  0:57  Extractor  
  16  1:01  Drone  
  17  1:17  Drone  
  18  1:23  Queen  
  20  1:26  Drone  
  21  1:35  Zergling x2  
  22  1:45  Overlord  
  22  2:09  Zergling x2  
  22  2:10  Zergling x2  
  24  2:24  Hatchery  
  24  2:25  Extractor  
  24  2:26  Drone  
  23  2:38  Roach Warren  
  22  2:46  Drone x4  
  25  3:21  Drone x3  
  28  3:32  Overlord  
  28  3:36  Queen  
  30  3:50  Roach  
  30  3:53  Drone x2  
  34  3:59  Extractor  
  34  4:00  Drone x3  
  36  4:04  Metabolic Boost  
  36  4:12  Lair  
  36  4:17  Drone  
  36  4:18  Drone  
  38  4:25  Ravager  
  38  4:28  Roach x2  
  43  4:41  Burrow  
  43  4:51  Overlord x3  
  43  5:10  Pneumatized Carapace  
  43  5:12  Tunneling Claws  
  43  5:14  Roach x3  
  43  5:16  Roach x3  
  55  5:30  Hydralisk Den  
  54  5:36  Ravager  
  54  5:37  Ravager  
  56  5:43  Roach x3  
  56  5:46  Roach x2  
  56  5:48  Overlord  
  66  6:18  Hatchery  
  65  6:25  Hydralisk x3  
  65  6:26  Hydralisk x2  
  65  6:31  Overlord x3  
  75  6:40  Extractor, Drone  
  75  6:55  Spine Crawler  
  75  6:57  Spore Crawler  
  73  7:02  Lurker Den  
  73  7:20  Roach x3  
  79  7:23  Roach  
  79  7:24  Roach x2  
  85  7:31  Hydralisk x5  
  85  7:36  Roach x15  
  85  7:39  Glial Reconstitution  
  85  7:42  Drone  
  85  7:43  Drone  
  87  7:45  Hydralisk x5  
  87  7:46  Drone  
  87  7:47  Drone  
  87  7:50  Roach x17  
  89  8:01  Drone x3  
  92  8:48  Overseer  
  92  8:53  Drone x4  
  92  8:55  Drone x4  
  99  9:00  Hydralisk x2  
  104  9:09  Spire  
  103  9:18  Evolution Chamber  
  103  9:21  Drone x2  
  104  9:29  Lurker  
  105  9:33  Overlord x3  
  105  9:38  Muscular Augments  
  105  9:51  Queen  
  107  9:58  Hydralisk x2  
  107  9:59  Hydralisk  
  113  10:30  Nydus Network  
  113  10:31  Hatchery  
  111  10:41  Extractor  
  110  10:44  Extractor  
  105  11:16  Lurker x2  
  107  11:43  Drone x3  
  107  11:45  Drone x3  
  113  11:49  Overlord  
  113  12:12  Drone x2  
  113  12:14  Drone x3  
  113  12:15  Drone x4  
  122  12:28  Hydralisk x4  
  122  12:29  Hydralisk  
  122  12:31  Infestation Pit  
  122  12:33  Roach x17  
  122  12:36  Mutalisk  
  122  12:37  Mutalisk x8  
  139  12:46  Drone x3  
  142  13:15  Hydralisk x5  
  140  13:38  Hydralisk x4  
  140  13:39  Hydralisk  
  140  13:43  Roach x17  
  140  14:51  Lurker x4  
  144  14:59  Lair  
  144  15:02  Overlord x2  
  144  15:03  Overlord  
  144  15:05  Overlord  
  144  15:06  Overlord x2  
  144  15:16  Hydralisk  
  144  15:21  Roach x17  
  144  16:03  Lurker  
  145  16:06  Drone  
  145  16:07  Drone x2  
  148  16:18  Hive  
  148  16:28  Mutalisk x3  
  148  16:30  Hydralisk  
  148  16:31  Hydralisk x2  
  160  16:33  Hydralisk x2  
  160  16:34  Queen  
Show
View Real Time Build Order
Export as new Build Order

RANURA DE IA (Muy fácil) Protoss 

Build Orders: 1 Gate Expand, Nexus First 

Get SALT Encoding   

  12  0:01  Probe (Chrono Boost)  
  13  0:11  Probe (Chrono Boost)  
  14  0:20  Pylon  
  14  0:42  Gateway  
  14  1:00  Nexus  
  14  1:17  Pylon  
  14  1:23  Assimilator  
  14  1:28  Zealot  
  16  1:35  Cybernetics Core  
  16  1:37  Probe (Chrono Boost)  
  17  1:49  Probe (Chrono Boost)  
  18  2:00  Probe (Chrono Boost)  
  18  2:01  Assimilator  
  19  2:11  Stalker, Probe (Chrono Boost)  
  22  2:16  Probe (Chrono Boost)  
  22  2:19  Warp Gate  
  23  2:24  Probe (Chrono Boost)  
  24  2:30  Probe (Chrono Boost)  
  25  2:38  Probe (Chrono Boost)  
  26  2:50  Probe (Chrono Boost), Assimilator  
  27  2:56  Pylon, Probe (Chrono Boost)  
  28  3:04  Probe (Chrono Boost)  
  29  3:11  Probe (Chrono Boost)  
  30  3:13  Robotics Facility  
  30  3:18  Zealot  
  33  3:20  Probe (Chrono Boost)  
  33  3:26  Probe (Chrono Boost)  
  34  3:33  Probe (Chrono Boost)  
  35  3:40  Probe (Chrono Boost)  
  36  3:48  Probe (Chrono Boost)  
  37  3:54  Probe (Chrono Boost)  
  38  3:58  Observer  
  40  4:03  Probe (Chrono Boost)  
  40  4:08  Probe (Chrono Boost)  
  41  4:16  Probe (Chrono Boost)  
  42  4:17  Assimilator  
  42  4:19  Observer  
  42  4:23  Probe (Chrono Boost)  
  44  4:26  Sentry  
  47  4:31  Probe (Chrono Boost)  
  47  4:33  Pylon  
  47  4:38  Probe (Chrono Boost)  
  48  4:45  Probe (Chrono Boost)  
  49  4:51  Probe (Chrono Boost)  
  50  10:09  Warp Prism  
  50  10:18  Gateway  
  52  10:21  Robotics Bay  
  52  10:23  Stargate  
  52  10:26  Nexus  
  52  10:29  Pylon  
  52  10:40  Warp Prism  
  54  11:05  Observer Gravitic Boosters, Zealot  
  54  11:11  Gateway  
  52  11:14  Observer  
  49  11:35  Zealot  
  51  11:48  Assimilator  
  51  11:52  Assimilator  
  51  11:56  Gravitic Drive  
  51  12:05  Stalker  
  53  12:29  Void Ray  
  57  13:25  Probe (Chrono Boost)  
  55  13:32  Probe (Chrono Boost)  
  55  13:40  Probe (Chrono Boost)  
  56  13:47  Probe (Chrono Boost)  
  57  14:09  Stalker  
  59  14:14  Observer, Probe (Chrono Boost)  
  52  14:21  Probe (Chrono Boost)  
  47  14:30  Probe (Chrono Boost)  
  44  14:35  Stalker  
  36  14:42  Pylon  
  36  14:44  Probe (Chrono Boost)  
  34  14:50  Probe (Chrono Boost)  
  35  14:55  Immortal  
  35  14:57  Nexus, Probe (Chrono Boost)  
  40  15:04  Probe (Chrono Boost)  
  40  15:06  Assimilator  
  41  15:13  Probe (Chrono Boost)  
  42  15:19  Probe (Chrono Boost)  
  42  15:21  Stalker  
  41  15:27  Probe (Chrono Boost)  
  41  15:34  Observer, Probe (Chrono Boost)  
  43  15:41  Probe (Chrono Boost)  
  44  15:44  Stalker  
  44  15:49  Probe (Chrono Boost)  
  44  15:53  Observer  
  44  15:56  Probe (Chrono Boost)  
  45  16:02  Probe (Chrono Boost)  
  46  16:07  Stalker  
  48  16:13  Observer  
  49  16:29  Stalker  
  51  16:51  Observer  
  50  16:58  Zealot  
  39  17:18  Observer  
  39  17:27  Stalker  
  39  17:28  Probe (Chrono Boost)  
  33  17:35  Probe (Chrono Boost)  
  31  17:42  Pylon  
Tags
 
Add a new tag
Caveats
  • Supply blocks, unpowered buildings, or Contaminate may cause inaccurate times.
  • Supply counts are checked every 10 seconds.